 Dungeon Crawl Stone Soup version 0.26-a0-651-gb41185065b (webtiles) character file.

Game seed: 4968962571540017009

136 Demosthentine the Vandal (level 5, -1/35 HPs)
             Began as a Halfling Hunter on Sept 30, 2020.
             Slain by an orc priest
             ... wielding a +0 club
              (2 damage)
             ... on level 3 of the Dungeon.
             The game lasted 00:02:05 (1941 turns).

Demosthentine the Vandal (Halfling Hunter)          Turns: 1941, Time: 00:02:06

Health: -1/35      AC:  3    Str: 10 (13) XL:     5   Next: 43%
Magic:  5/5        EV: 16    Int:  6 (9)  God:
Gold:   218        SH:  0    Dex: 21 (22) Spells: 4/4 levels left

rFire    . . .     SeeInvis .   a - +1 hunting sling
rCold    . . .     Faith    .   (shield restricted)
rNeg     . . .     Spirit   .   c - +0 leather armour
rPois    .         Reflect  .   (no helmet)
rElec    .         Harm     .   (no cloak)
rCorr    .         Rampage  .   (no gloves)
MR       .....                  (no boots)
Stlth    ++........             (no amulet)
HPRegen  0.11/turn              f - +6 ring of dexterity
MPRegen  0.09/turn              (no ring)

@: no status effects
A: small, mutation resistance 1
a: no special abilities


You were on level 3 of the Dungeon.
You visited 1 branch of the dungeon, and saw 3 of its levels.

You collected 218 gold pieces.

Inventory:

Hand Weapons
 a - a +1 hunting sling (weapon)
 b - a +0 short sword
Missiles
 d - 4 sling bullets
 i - 36 stones (quivered)
Armour
 c - a +0 leather armour (worn)
Jewellery
 f - a +6 ring of dexterity (left hand)
Wands
 n - a wand of disintegration (9)
Scrolls
 g - a scroll of magic mapping
 k - 2 scrolls of fear
 m - a scroll of remove curse {unknown}
Potions
 e - a potion of might
 h - 3 potions of heal wounds {unknown}
 j - a potion of degeneration
 l - a potion of curing {unknown}


   Skills:
 + Level 2.7 Fighting
 + Level 6.8 Slings
 + Level 2.3 Armour
 + Level 3.4 Dodging
 - Level 1.1 Stealth


You had 4 spell levels left.
You didn't know any spells.
Your spell library was empty.

Dungeon Overview and Level Annotations

Branches:
Dungeon (3/15)

Altars:
Gozag


Innate Abilities, Weirdness & Mutations

You are small and have problems with some larger weapons.
You are somewhat resistant to further mutation.


Message History

The orc priest is lightly wounded.
Firing (i - inventory. (/) - cycle)
i - 38 stones (quivered)
Press: ? - help, Shift-Dir - straight line, f/p - orc priest
Aim: an orc priest, wielding a +0 club (lightly wounded)
You shoot a stone.
The stone closely misses the orc priest.
Firing (i - inventory. (/) - cycle)
i - 37 stones (quivered)
Press: ? - help, Shift-Dir - straight line, f/p - orc priest
Aim: an orc priest, wielding a +0 club (lightly wounded)
You shoot a stone. The stone hits the orc priest.
The orc priest is heavily wounded.
The orc priest calls down the wrath of Beogh upon you.
Beogh smites you!
* * * LOW HITPOINT WARNING * * *
Unknown command.
It was a potion of degeneration.
There was something very wrong with that liquid.
You feel weakened.
You feel dopey.
You feel clumsy. The orc priest hits you with a +0 club.
You die...

...#.##.. ... .
#.##.##.# #.....#
#.##.##.# #.#.#.#
#.##.##.# #.#.#.# #
#.##.##.###.#.#.# .#
..#.#...........# ..
##.##.#.......# .#
#.##.#.#.....##..#.#
#.##.#.#.....@o...(#
#.#############(.#.#
### ()(# ###


You could see an orc priest.

Vanquished Creatures
  An orc priest (D:3)
  4 adders (D:2)
  An ooze (D:2)
  A dart slug (D:1)
  2 worms (D:2)
  2 leopard geckos (D:2)
  An orc (D:3)
  5 bats
  4 giant cockroaches
  10 goblins
  4 hobgoblins
  A jackal (D:2)
  A quokka (D:2)
  3 ball pythons
  4 frilled lizards
  8 kobolds
  9 rats
61 creatures vanquished.

Notes
Turn   | Place    | Note
-------+----------+-------------------------------------------
     0 | D:1      | Demosthentine the Halfling Hunter began the quest for the
                  | Orb.
     0 | D:1      | Reached XP level 1. HP: 14/14 MP: 1/1
    50 | D:1      | Reached XP level 2. HP: 16/19 MP: 2/2
   145 | D:1      | Reached skill level 6 in Slings
   330 | D:1      | Reached skill level 1 in Armour
   531 | D:1      | Reached XP level 3. HP: 24/24 MP: 3/3
  1115 | D:2      | Found an opulent altar of Gozag.
  1154 | D:2      | Reached XP level 4. HP: 29/29 MP: 4/4
  1699 | D:2      | Reached XP level 5. HP: 35/35 MP: 5/5
  1940 | D:3      | HP: 1/35 [orc priest/divine providence (13)]
  1941 | D:3      | Slain by an orc priest

Illustrated notes

Levels and vault maps discovered:
D:1:      evilmike_arrival_hilbert_curve, layout_basic,
          hangedman_abyss_or_decor_lesser_grid, minmay_misc_feat_encased,
          grunt_decor_mini_mirrors
D:2:      minmay_recursive_quarters, layout_basic, grunt_gozag_breadcrumbs,
          minmay_randomly_rotated_circles
D:3:      minmay_door_path, layout_loops_ring, st_stairs_4

Skill      XL: |  1  2  3  4 |
---------------+-------------+-----
Fighting       | 2 |  2.7
Slings         | 6 |  6.8
Armour         | 1 2 |  2.3
Dodging        | 3 |  3.4
Stealth        | |  1.1

Action                   |  1- 3 |  4- 6 || total
-------------------------+-------+-------++-------
 Fire: Hunting sling     |    96 |    89 ||   185
  Use: Scroll            |     2 |     4 ||     6
       Potion            |       |     1 ||     1
Armor: Leather armour    |     1 |     9 ||    10
Dodge: Dodged            |     8 |    24 ||    32

Table legend: (Time is in decaauts)
 A = Elapsed time spent in this place.
 B = Non-inter-level travel time spent in this place.
 C = Inter-level travel time spent in this place.
 D = Time resting spent in this place.
 E = Time spent auto-exploring this place.
 F = Levels seen in this place.
 G = Mean time per level.
                   A        B        C        D        E       F      G
               +--------+--------+--------+--------+--------+-----+--------+
         Total |   1918 |   1869 |     49 |      0 |   1551 |   3 |  639.3 |
       Dungeon |   1918 |   1869 |     49 |      0 |   1551 |   3 |  639.3 |
               +--------+--------+--------+--------+--------+-----+--------+

Top non-repeatable levels by time:
     D:2: 1050 daAuts
     D:1: 804 daAuts
     D:3: 63 daAuts
